 Dungeon Crawl Stone Soup version 0.30.0-15-g856e2d3f33 (webtiles) character file.

Game seed: 14684157696261891585

85 Jackthecabe the Thaumaturge (level 4, 0/41 HPs)
             Began as a Gnoll Wanderer on May 19, 2023.
             Slain by a goblin
             ... wielding a +0 club
             ... led by Robin
              (3 damage)
             ... on level 1 of the Dungeon.
             The game lasted 00:03:19 (1705 turns).

Jackthecabe the Thaumaturge (Gnoll Wanderer)        Turns: 1705, Time: 00:03:19

Health: 0/41       AC:  2    Str:  8    XL:     4   Next: 48%
Magic:  17/17      EV: 12    Int: 13    God:
Gold:   115        SH:  0    Dex: 15    Spells: 22/25 levels left

rFire   . . .        a - +1 quarterstaff
rCold   . . .        (shield currently unavailable)
rNeg    . . .        c - +0 robe
rPois   .            (no helmet)
rElec   .            (no cloak)
rCorr   .            (no gloves)
SInv    .            (no boots)
Will    +....        (no amulet)
Stlth   ++           n - ring of willpower
HPRegen 0.26/turn    (no ring)
MPRegen 0.15/turn

%: no passive effects
@: no status effects
A: fangs 1, strong nose, distributed training
a: no special abilities


You were on level 1 of the Dungeon.
You visited 1 branch of the dungeon, and saw 2 of its levels.

You collected 115 gold pieces.

Inventory:

Hand Weapons
 a - a +1 quarterstaff (weapon)
 g - a +0 dagger of venom
   (You took it off a goblin on level 1 of the Dungeon)
Missiles
 f - 5 curare-tipped darts (quivered)
Armour
 c - a +0 robe (worn)
 i - a +0 cloak
   (You found it on level 1 of the Dungeon)
Jewellery
 n - a ring of willpower (left hand)
   (You found it on level 2 of the Dungeon)
Scrolls
 b - 2 scrolls of vulnerability {!r!r}
 d - a scroll of teleportation {unknown}
 j - a scroll of enchant armour {unknown}
 k - a scroll of identify {unknown}
 l - a scroll of enchant weapon {unknown}
 m - a scroll of magic mapping {unknown}
Potions
 e - a potion of might {unknown}
 h - a potion of degeneration {unknown}


   Skills:
 + Level 6.6 Fighting
 + Level 1.2 Short Blades
 + Level 1.2 Long Blades
 + Level 1.2 Axes
 + Level 1.2 Maces & Flails
 + Level 1.2 Polearms
 + Level 2.8 Staves
 + Level 1.2 Ranged Weapons
 + Level 1.2 Throwing
 + Level 1.2 Armour
 + Level 1.2 Dodging
 + Level 1.2 Stealth
 + Level 1.2 Shields
 + Level 1.2 Unarmed Combat
 + Level 11.3 Spellcasting
 + Level 1.0 Conjurations
 + Level 1.0 Hexes
 + Level 1.0 Summonings
 + Level 1.0 Necromancy
 + Level 1.0 Translocations
 + Level 1.0 Transmutations
 + Level 1.0 Fire Magic
 + Level 1.0 Ice Magic
 + Level 1.0 Air Magic
 + Level 1.0 Earth Magic
 + Level 1.0 Poison Magic
 + Level 1.3 Invocations
 + Level 1.2 Evocations


You had 22 spell levels left.
You knew the following spells:

 Your Spells              Type           Power      Damage    Failure   Level
a - Necrotise             Necr           36%        1d5       6%          1
g - Apportation           Tloc           18%        N/A       6%          1
s - Slow                  Hex            36%        N/A       6%          1

Your spell library contained the following spells:

 Spells                   Type           Power      Damage    Failure   Level
 Cigotuvi's Dreadful Rot  Necr/Pois/Air  18%        N/A       10%         2
 Gell's Gravitas          Tloc           9%         N/A       19%         3
 Ignite Poison            Fire/Tmut/Pois 9%         N/A       19%         3
 Freezing Cloud           Conj/Ice/Air   4%         6-21      87%         5


Dungeon Overview and Level Annotations

Branches:
Dungeon (2/15)

Altars:
Makhleb

Annotations:
D:2 Sigmund


Innate Abilities, Weirdness & Mutations

You have very sharp teeth.
Your uncanny sense of smell can sniff out nearby items.
Your experience applies equally to all skills.


Message History

You sock the goblin!
You kill the goblin!
You thump the goblin!
You kill the goblin!
You hit the goblin but do no damage. The goblin hits you with a +0 dagger.
You take 1 damage, and have 16/41 hp.
You hit the goblin but do no damage. The goblin closely misses you.
The goblin hits you but does no damage.
You hit the goblin. You bite the goblin, but do no damage.
The goblin misses you.
You sock the goblin!
You kill the goblin!
No target in view!
You start resting.
Health restored: 41
Items here: ))) †.
There is a stone staircase leading down here.
You climb downwards.
Level annotation: Robin, Sigmund The hobgoblin misses you.
There is a stone staircase leading up here.
Unknown command.
Robin roars a battlecry!
The hobgoblin goes into a battle-frenzy!
The hobgoblin barely misses you.
You climb upwards.
There is a stone staircase leading down here.
You barely miss the hobgoblin. The hobgoblin hits you.
The hobgoblin barely misses you.
You take 5 damage, and have 36/41 hp.
You hit the hobgoblin but do no damage. The hobgoblin closely misses you.
You sock the hobgoblin!
You kill the hobgoblin!
No target in view!
No target in view!
You start resting.
Health restored: 41 You climb downwards.
Level annotation: Robin, Sigmund Robin roars a battlecry!
The goblin goes into a battle-frenzy!
Robin says, "My army is invincible!"
There is a stone staircase leading up here.
Robin throws the goblin at you! The goblin barely misses you.
The goblin shouts!
The goblin hits you with a +0 club.
You climb upwards.
There is a stone staircase leading down, spattered with blood here.
You take 4 damage, and have 37/41 hp.
You completely miss the goblin. The goblin barely misses you.
You sock the goblin!
You kill the goblin!
No target in view!
No target in view!
You start resting.
Health restored: 41 You climb downwards.
Level annotation: Robin, Sigmund The goblin closely misses you.
There is a stone staircase leading up here.
You closely miss the goblin. You bite the goblin, but do no damage.
Robin roars a battlecry!
The goblin goes into a battle-frenzy!
The goblin barely misses you. The goblin hits you with a +0 club.
You take 2 damage, and have 39/41 hp.
You hit Robin. The goblin hits you with a +0 club.
Robin throws the goblin at you!
You take 5 damage, and have 34/41 hp.
You closely miss Robin. The goblin misses you. Robin closely misses you.
The +1 spectral club hits you.
A +1 spectral club comes into view.
You take 6 damage, and have 28/41 hp.
You hit Robin. The goblin hits you with a +0 club. Robin barely misses you.
The +1 spectral club hits you.
You take 4 damage, and have 24/41 hp.
You hit Robin. The goblin hits you with a +0 club. Robin closely misses you.
The +1 spectral club hits you.
You take 7 damage, and have 17/41 hp.
You hit Robin. The goblin hits you with a +0 club. Robin barely misses you.
The +1 spectral club hits you. Robin closely misses you.
The +1 spectral club hits you. The goblin closely misses you.
You take 4 damage, and have 13/41 hp.
You barely miss Robin. The goblin hits you with a +0 club.
* * * LOW HITPOINT WARNING * * *
Robin barely misses you.
The +1 spectral club closely misses you.
You take 3 damage, and have 10/41 hp.
Unknown command.
The goblin closely misses you. Robin hits you with a +1 spectral club.
* * * LOW HITPOINT WARNING * * *
The +1 spectral club hits you!
* * * LOW HITPOINT WARNING * * *
You climb upwards.
The +1 spectral club disappears.
There is a stone staircase leading down, spattered with blood here.
You take 7 damage, and have 3/41 hp.
Okay, then.
You sock Robin!
You kill Robin!
The goblin hits you with a +0 club.
You die...

.#........#(........†....#
.#........'..............#
.##.......#..............#
..........#...##.#########
####......#..###.#
.......####..# #.# #######
######.#.....# #.# #.....#
.....#.#########†#####.....#
...............)@..........#
.....#.#########g#####.....#
.....#..### #.#####.....#
.....#....######...........#
.....#.##........#####.....#
.....#.########..## #.....#
.....#.# #...# #.....#
.....#.# #...# #.....#
######.# ##..# #######


You could see a goblin (strong).

Vanquished Creatures
  Jessica (D:2)
  Robin (D:1)
  3 dart slugs (D:1 D:2)
  3 endoplasms (D:1 D:2)
  4 giant cockroaches (D:1 D:2)
  9 goblins (D:1 D:2)
  4 hobgoblins (D:1 D:2)
  4 jackals (D:2)
  6 quokkas (D:1 D:2)
  7 ball pythons (D:1)
  3 bats (D:1)
  2 frilled lizards (D:1 D:2)
47 creatures vanquished.

Notes
Turn   | Place    | Note
-------+----------+-------------------------------------------
     0 | D:1      | Reached skill level 11 in Spellcasting
     0 | D:1      | Jackthecabe the Gnoll Wanderer began the quest for the Orb.
     0 | D:1      | Jackthecabe set off with the following items: a +1
                  | quarterstaff, a scroll of vulnerability {!r!r}, a +0 robe;
                  | and the following spells available to memorise:
                  | Apportation, Necrotise, Slow, Gell's Gravitas.
     0 | D:1      | Reached XP level 1. HP: 23/23 MP: 12/12
    49 | D:1      | Learned a level 1 spell: Apportation
    51 | D:1      | Learned a level 1 spell: Necrotise
    53 | D:1      | Learned a level 1 spell: Slow
   108 | D:1      | Reached XP level 2. HP: 29/29 MP: 14/14
   599 | D:1      | Reached XP level 3. HP: 35/35 MP: 15/15
   934 | D:2      | Found a burning altar of Makhleb.
  1027 | D:2      | Reached skill level 1 in Invocations
  1035 | D:2      | HP: 17/35 [quokka (4)]
  1040 | D:2      | HP: 11/35 [quokka (5)]
  1136 | D:2      | Noticed Jessica
  1143 | D:2      | Killed Jessica
  1144 | D:2      | Reached skill level 1 in Short Blades
  1144 | D:2      | Reached skill level 1 in Long Blades
  1144 | D:2      | Reached skill level 1 in Axes
  1144 | D:2      | Reached skill level 1 in Maces & Flails
  1144 | D:2      | Reached skill level 1 in Polearms
  1144 | D:2      | Reached skill level 1 in Ranged Weapons
  1144 | D:2      | Reached skill level 1 in Throwing
  1144 | D:2      | Reached skill level 1 in Armour
  1144 | D:2      | Reached skill level 1 in Dodging
  1144 | D:2      | Reached skill level 1 in Stealth
  1144 | D:2      | Reached skill level 1 in Shields
  1144 | D:2      | Reached skill level 1 in Unarmed Combat
  1144 | D:2      | Reached skill level 1 in Evocations
  1144 | D:2      | Reached XP level 4. HP: 23/41 MP: 14/17
  1267 | D:2      | Noticed Sigmund
  1296 | D:2      | HP: 16/41 [Sigmund/magic dart (11)]
  1510 | D:2      | Noticed Robin
  1544 | D:2      | Reached skill level 1 in Conjurations
  1544 | D:2      | Reached skill level 1 in Hexes
  1544 | D:2      | Reached skill level 1 in Summonings
  1544 | D:2      | Reached skill level 1 in Necromancy
  1544 | D:2      | Reached skill level 1 in Translocations
  1544 | D:2      | Reached skill level 1 in Transmutations
  1544 | D:2      | Reached skill level 1 in Fire Magic
  1544 | D:2      | Reached skill level 1 in Ice Magic
  1544 | D:2      | Reached skill level 1 in Air Magic
  1544 | D:2      | Reached skill level 1 in Earth Magic
  1544 | D:2      | Reached skill level 1 in Poison Magic
  1549 | D:2      | HP: 20/41 [goblin/+0 dagger[Robin] (4)]
  1556 | D:1      | HP: 16/41 [goblin/+0 dagger[Robin] (1)]
  1700 | D:2      | HP: 17/41 [+1 spectral club[Robin] (6)]
  1703 | D:2      | HP: 3/41 [+1 spectral club[Robin] (7)]
  1705 | D:1      | Killed Robin
  1705 | D:1      | Slain by a goblin

Illustrated notes

Levels and vault maps discovered:
D:1:      nzn_arrival_settlement, layout_basic
D:2:      layout_basic, serial_glass, glass_columns_a, glass_columns_b,
          glass_columns_a, glass_columns_b, basic_altar, hex_medium, uniq_robin,
          uniq_jessica, uniq_sigmund

Skill      XL: |  1  2  3  4 |
---------------+-------------+-----
Spellcasting   | | 11.3
Invocations    | 1 |  1.3
Short Blades   | 1 |  1.2
Long Blades    | 1 |  1.2
Axes           | 1 |  1.2
Maces & Flails | 1 |  1.2
Polearms       | 1 |  1.2
Ranged Weapons | 1 |  1.2
Throwing       | 1 |  1.2
Armour         | 1 |  1.2
Dodging        | 1 |  1.2
Stealth        | 1 |  1.2
Shields        | 1 |  1.2
Unarmed Combat | 1 |  1.2
Evocations     | 1 |  1.2
Conjurations   | 1 |  1.0
Hexes          | 1 |  1.0
Summonings     | 1 |  1.0
Necromancy     | 1 |  1.0
Translocations | 1 |  1.0
Transmutations | 1 |  1.0
Fire Magic     | 1 |  1.0
Ice Magic      | 1 |  1.0
Air Magic      | 1 |  1.0
Earth Magic    | 1 |  1.0
Poison Magic   | 1 |  1.0
Fighting       | |  6.6
Staves         | |  2.8

Action                     |  1- 3 |  4- 6 || total
---------------------------+-------+-------++-------
  Melee: Quarterstaff      |    73 |    45 ||   118
         Bite              |     3 |     4 ||     7
   Cast: Slow              |     2 |       ||     2
   Stab: Sleeping          |     4 |       ||     4
 Armour: Robe              |    17 |     9 ||    26
  Dodge: Dodged            |    47 |    43 ||    90

Levels and vault maps discovered:
D:1:      nzn_arrival_settlement, layout_basic
D:2:      layout_basic, serial_glass, glass_columns_a, glass_columns_b,
          glass_columns_a, glass_columns_b, basic_altar, hex_medium, uniq_robin,
          uniq_jessica, uniq_sigmund

Table legend: (Time is in decaauts)
 A = Elapsed time spent in this place.
 B = Non-inter-level travel time spent in this place.
 C = Inter-level travel time spent in this place.
 D = Time resting spent in this place.
 E = Time spent auto-exploring this place.
 F = Levels seen in this place.
 G = Mean time per level.
                   A        B        C        D        E       F      G
               +--------+--------+--------+--------+--------+-----+--------+
         Total |   1733 |   1647 |     86 |    240 |   1039 |   2 |  866.5 |
       Dungeon |   1733 |   1647 |     86 |    240 |   1039 |   2 |  866.5 |
               +--------+--------+--------+--------+--------+-----+--------+

Top non-repeatable levels by time:
     D:1: 1116 daAuts
     D:2: 617 daAuts

Table legend:
 A = Kills in this place as a percentage of kills in the entire game.
 B = Kills by you in this place as a percentage of kills by you in the entire game.
 C = Kills by friends in this place as a percentage of kills by friends in the entire game.
 D = Other kills in this place as a percentage of other kills in the entire game.
 E = Experience gained in this place as a percentage of experience gained in the entire game.
 F = Experience gained in this place divided by the number of levels of this place that you have seen.
                   A       B       C       D       E      F
               +-------+-------+-------+-------+-------+----------------------
         Total | 100.0 | 100.0 |   N/A |   N/A | 100.0 |  69.0
       Dungeon | 100.0 | 100.0 |   N/A |   N/A | 100.0 |  69.0
               +-------+-------+-------+-------+-------+----------------------
